 Dungeon Crawl Stone Soup version 0.15.0-11-g6f4f891 (webtiles) character file.

3728 MDvedh the Severer (level 9, -15/70 HPs)
             Began as a Minotaur Fighter on Aug 31, 2014.
             Was a Believer of Okawaru.
             Killed by an exploding giant spore (29 damage)
             ... on Level 9 of the Dungeon.
             The game lasted 00:09:33 (5232 turns).

MDvedh the Severer (Minotaur Fighter)               Turns: 5232, Time: 00:09:33

HP -15/70        AC 17     Str 28      XL: 9   Next: 92%
MP   4/4         EV  4     Int  5      God: Okawaru [**....]
Gold 346         SH  0     Dex 11      Spells:  0 memorised,  8 levels left

rFire  . . .     SeeInvis .     a - +0 war axe (curse)
rCold  . . .     Clarity  .     u - +2 plate armour "Qufam" {Slay+2 Stlth++}
rNeg   . . .     rCorr    .     c - +0 shield
rPois  .         rRot     .     (helmet restricted)
rElec  .         Spirit   .     w - +0 cloak
SustAb .         Warding  .     E - +0 pair of gloves
rMut   .         Stasis   .     D - +0 pair of boots
Gourm  .                        (no amulet)
MR     .....                    (no ring)
                                (no ring)

@: confused, mighty, flying, very slightly contaminated, hasted, very quick, not
resistant to hostile enchantments, extremely unstealthy
A: retaliatory headbutt, horns 2
a: Heroism, Renounce Religion


You were on level 9 of the Dungeon.
You worshipped Okawaru.
Okawaru was pleased with you.
You were not hungry.

You visited 2 branches of the dungeon, and saw 10 of its levels.

You collected 346 gold pieces.

Inventory:

Hand weapons
 a - a cursed +0 war axe (weapon)
Armour
 c - a +0 shield (worn)
 u - the +2 plate armour "Qufam" (worn) {Slay+2 Stlth++}
   (You found it on level 4 of the Dungeon)

   It affects your accuracy and damage with ranged weapons and melee attacks
   (+2).
   It makes you much more stealthy.
 w - a +0 cloak (worn)
 D - a +0 pair of boots (worn)
 E - a +0 pair of gloves (worn)
Magical devices
 g - a wand of teleportation (3)
 r - a wand of teleportation (3)
 x - a wand of confusion (8)
Comestibles
 d - 6 bread rations
 i - 5 meat rations
 q - a royal jelly
 H - 2 beef jerkies
 I - a rotting chunk of jackal flesh
Scrolls
 j - a scroll of recharging {unknown}
 k - a scroll of noise {unknown}
 l - 4 scrolls of enchant weapon {unknown}
 m - 6 scrolls of identify {unknown}
 n - 4 scrolls of remove curse
 o - a scroll of immolation {unknown}
 p - a scroll of fog {unknown}
 s - a scroll of fear {unknown}
 t - 4 scrolls of amnesia {unknown}
 v - 2 scrolls of enchant armour {unknown}
 y - a scroll of teleportation {unknown}
 B - a scroll of blinking {unknown}
 C - a scroll of random uselessness {unknown}
 F - a scroll of magic mapping {unknown}
Jewellery
 A - an uncursed ring of wizardry {unknown}
Potions
 b - a potion of haste
 e - a potion of might
 f - 3 potions of flight
 h - 4 potions of curing {unknown}
 z - a potion of restore abilities {unknown}
 G - a potion of degeneration {unknown}


   Skills:
 - Level 3.6 Fighting
 + Level 16.0 Axes
 - Level 3.6 Armour
 - Level 3.6 Shields


You had 8 spell levels left.
You didn't know any spells.

Dungeon Overview and Level Annotations

Branches:
Dungeon (9/15)             Temple (1/1) D:4
    Orc: D:9-12        Lair: D:8-11

Altars:
Cheibriados
Dithmenos
Elyvilon
Fedhas
Makhleb
Nemelex Xobeh
Okawaru
Qazlal
Sif Muna
Trog
Vehumet
Xom
Yredelemnul
Zin
The Shining One

Annotations:
D:4 exclusion: door
D:8 Eustachio, Joseph
D:9 Grum


Innate Abilities, Weirdness & Mutations

You reflexively headbutt those who attack you in melee.
You have a pair of horns on your head.


Message History

A yak comes into view.
The hound pauses to sniff the ground.
A porcupine comes into view.
A giant spore comes into view.
The giant spore waves its rhizomes.
The smell of rotting flesh makes you sick. (slot I)
The yak snorts and paws the ground.
Drink which item? (? for menu, Esc to quit)
You feel yourself speed up.
It was a potion of haste.
The yak gores you but does no damage.
You are very lightly contaminated with residual magic.
Unknown command.
Drink which item? (? for menu, Esc to quit)
You feel very buoyant.
You fly up into the air.
It was a potion of flight.
Unknown command.
The giant spore explodes!
A fungus suddenly grows.
The explosion of spores engulfs you!
You are confused.
You die...

#.....# ....
.....#### .....
#>h*o... .... .
.o.o.. ......
#.##.# ##.#...#
#o##.#####........
# #...Y.hh.Y.#
#...#..o.oo###.#
#....<...YP.@#
...........[.....#
.............$..##
.#.##........####
............#
.r.#......##
P........#
....##### .


You could see 2 yaks, an orc wizard and 2 orcs.

Vanquished Creatures
  Erolcha (D:8)
  The ghost of letownia the Charlatan, an experienced KoAr (D:4)
  Psyche (D:8)
  Grinder (D:3)
  Edmund (D:7)
  Menkaure (D:4)
  An orc warrior (D:7)
  A phantom (D:4)
  3 ogres
  A centaur (D:8)
  3 giant frogs
  Blork the orc (D:4)
  4 big kobolds (D:8)
  2 scorpions
  5 wights (D:6)
  4 killer bees (D:7)
  A crimson imp (D:6)
  2 iguanas
  A giant frog skeleton (D:7)
  2 orc priests
  An orc wizard (D:6)
  Crazy Yiuf (D:5)
  A hound (D:4)
  5 worker ants
  An ogre zombie (D:5)
  A hound zombie (D:6)
  3 gnolls (D:3)
  5 adders
  2 giant mites (D:4)
  5 worms
  7 giant geckos
  9 orcs
  A ball python (D:3)
  A bat skeleton (D:4)
  9 hobgoblins
  10 jackals
  A quokka (D:4)
  10 bats
  8 giant cockroaches
  5 giant newts
  13 goblins
  20 kobolds
  A kobold skeleton (D:8)
  9 rats
  2 rat zombies
168 creatures vanquished.

Vanquished Creatures (others)
  A hound (D:8)
  A giant spore (D:8)
2 creatures vanquished.

Grand Total: 170 creatures vanquished

Notes
Turn   | Place    | Note
--------------------------------------------------------------
     0 | D:1      | MDvedh, the Minotaur Fighter, began the quest for the Orb.
     0 | D:1      | Reached XP level 1. HP: 19/19 MP: 1/1
   344 | D:1      | Reached XP level 2. HP: 26/26 MP: 1/1
   500 | D:1      | Reached skill level 4 in Axes
   695 | D:1      | Reached XP level 3. HP: 31/31 MP: 2/2
  1068 | D:2      | Found a glowing golden altar of the Shining One.
  1122 | D:2      | Found a radiant altar of Vehumet.
  1122 | D:2      | Found a sparkling altar of Nemelex Xobeh.
  1127 | D:2      | Found a bloodstained altar of Trog.
  1176 | D:2      | Reached skill level 5 in Axes
  1598 | D:3      | Reached XP level 4. HP: 28/39 MP: 2/2
  1652 | D:3      | Found a blossoming altar of Fedhas.
  1775 | D:3      | Reached skill level 6 in Axes
  1778 | D:3      | Noticed Grinder
  1784 | D:3      | Paralysed by Grinder for 4 turns
  1792 | D:3      | Killed Grinder
  1792 | D:3      | Reached skill level 8 in Axes
  1792 | D:3      | Reached XP level 5. HP: 18/45 MP: 2/2
  1792 | D:3      | Reached XP level 6. HP: 20/51 MP: 3/3
  2175 | D:4      | Got a distressingly furry plate armour
  2186 | D:4      | Identified the +2 plate armour "Qufam" {Slay+2 Stlth++} (You found it on level 4 of the Dungeon)
  2187 | D:4      | Noticed letownia's ghost (experienced KoAr)
  2197 | D:4      | Killed letownia's ghost
  2197 | D:4      | Reached skill level 10 in Axes
  2197 | D:4      | Reached XP level 7. HP: 53/57 MP: 3/3
  2259 | D:4      | Noticed Menkaure
  2266 | D:4      | Killed Menkaure
  2380 | D:4      | Found a deep blue altar of Sif Muna.
  2444 | D:4      | Noticed Blork the orc
  2451 | D:4      | Killed Blork the orc
  2451 | D:4      | Reached skill level 11 in Axes
  2451 | D:4      | Reached XP level 8. HP: 60/64 MP: 3/3
  2516 | D:4      | Found a staircase to the Ecumenical Temple.
  2533 | Temple   | Entered the Ecumenical Temple
  2623 | Temple   | Became a worshipper of Warmaster Okawaru
  3227 | D:5      | Entered Level 5 of the Dungeon
  3405 | D:5      | Noticed Crazy Yiuf
  3410 | D:5      | Killed Crazy Yiuf
  3609 | D:5      | Reached skill level 12 in Axes
  4002 | D:6      | Found a burning altar of Makhleb.
  4003 | D:6      | Found a shimmering altar of Xom.
  4218 | D:6      | Reached skill level 13 in Axes
  4225 | D:6      | Acquired Okawaru's first power
  4447 | D:6      | Found a snail-covered altar of Cheibriados.
  4630 | D:7      | Reached XP level 9. HP: 56/70 MP: 1/4
  4714 | D:7      | Noticed Edmund
  4726 | D:7      | Killed Edmund
  4785 | D:7      | Found a stormy altar of Qazlal.
  4792 | D:7      | Reached skill level 14 in Axes
  5165 | D:8      | Noticed Psyche
  5175 | D:8      | Killed Psyche
  5175 | D:8      | Reached skill level 15 in Axes
  5197 | D:8      | Noticed Erolcha
  5202 | D:8      | Noticed Joseph
  5203 | D:8      | Killed Erolcha
  5203 | D:8      | Reached skill level 16 in Axes
  5204 | D:8      | Noticed Eustachio
  5214 | D:8      | Found a shadowy altar of Dithmenos.
  5221 | D:9      | Noticed Grum
  5232 | D:9      | Killed by an exploding giant spore

Action                   |  1- 3 |  4- 6 |  7- 9 || total
-------------------------+-------+-------+-------++-------
Melee: War axe           |   124 |    68 |   261 ||   453
Invok: Heroism           |       |       |     3 ||     3
Evoke: Wand              |       |     1 |     1 ||     2
  Use: Scroll            |     1 |       |       ||     1
       Potion            |       |     2 |     3 ||     5
  Eat: Chunk             |     2 |     2 |     5 ||     9
       Meat ration       |       |       |     1 ||     1
